 Dungeon Crawl Stone Soup version 0.27-a0-1200-g94dc6ad4cf (webtiles) character file.

Game seed: 1330962811102494847

36 bilbop the Magician (level 3, 0/27 HPs)
             Began as a Djinni Venom Mage on May 30, 2021.
             Slain by Natasha (5 damage)
             ... on level 2 of the Dungeon.
             The game lasted 00:05:05 (2394 turns).

bilbop the Magician (Djinni Venom Mage)             Turns: 2394, Time: 00:05:05

Health: 0/27       AC:  3    Str:  7    XL:     3   Next: 57%
Gold:   83         EV: 11    Int: 17    God:
                   SH:  0    Dex: 13

rFire    + + .     SeeInvis .   b - +0 whip
rCold    x . .     Faith    .   (no shield)
rNeg     . . .     Spirit   .   d - +0 leather armour
rPois    ∞         Reflect  .   (no helmet)
rElec    .         Harm     .   (no cloak)
rCorr    .         Rampage  .   (no gloves)
Will     .....                  (boots unavailable)
Stlth    ++........             (no amulet)
HPRegen  0.09/turn              (no ring)
MPRegen  0.00/turn              (no ring)

@: flying, slowed, very slow
A: sickness immunity, fire resistance 2, cold vulnerability 1, float, innate
caster, hp casting, extra vitality 1
a: no special abilities


You were on level 2 of the Dungeon.
You visited 1 branch of the dungeon, and saw 2 of its levels.

You collected 83 gold pieces.

Inventory:

Hand Weapons
 b - a +0 whip (weapon)
Armour
 a - a +0 robe
 d - a +0 leather armour (worn)
Scrolls
 e - a scroll of vulnerability {unknown}
 f - a scroll of acquirement {unknown}
 g - a scroll of identify {unknown}
 h - a scroll of teleportation {unknown}
Potions
 c - a potion of lignification {unknown}


   Skills:
 + Level 1.2 Fighting
 - Level 0.5 Short Blades
 + Level 0.5 Maces & Flails
 + Level 2.5 Dodging
 - Level 1.8 Stealth
 + Level 2.7 Spellcasting


You couldn't memorise any spells.
You knew the following spells:

 Your Spells              Type           Power      Damage    Failure   Level
a - Sting                 Tmut/Pois      44%        1d5       9%          1
b - Poisonous Vapours     Pois/Air       22%        N/A       14%         2
c - Mephitic Cloud        Conj/Pois/Air  11%        N/A       26%         3
d - Ignite Poison         Fire/Tmut/Pois 11%        N/A       26%         3
e - Olgreb's Toxic Radia  Pois           11%        N/A       65%         4
f - Pain                  Necr           44%        1d6       9%          1
Your spell library was empty.

Dungeon Overview and Level Annotations

Branches:
Dungeon (2/15)

Altars:

Annotations:
D:2 Natasha


Innate Abilities, Weirdness & Mutations

You are immune to sickness and miasma.
You are immune to poison.
Your flesh is very heat resistant. (rF++)
You are vulnerable to cold. (rC-)
You float through the air rather than walking.
You learn spells naturally, not from books.
Your magical power is your life essence.
You have superior vitality. (+4 HP)


Message History

Natasha hisses angrily.
Natasha mewls in sadness.
Natasha claws you.
The sting hits Natasha.
Natasha is poisoned.
Natasha is lightly wounded.
Natasha claws you.
The sting hits Natasha but does no damage.
Natasha looks even sicker.
Natasha is lightly wounded.
Natasha claws you but does no damage.
The sting hits Natasha.
Natasha looks even sicker.
Natasha is heavily wounded.
Natasha drinks a potion.
Natasha is healed!
Natasha looks more healthy.
You miscast Sting.
You are very lightly contaminated with residual magic.
Nothing appears to happen.
Natasha howls an incantation.
You feel disoriented. Natasha claws you but does no damage.
The sting hits Natasha.
Natasha is poisoned.
Natasha is lightly wounded.
Natasha closely misses you.
The sting hits Natasha.
Natasha looks even sicker.
Natasha is heavily wounded.
Natasha casts a spell at you.
You feel yourself slow down.
You hit Natasha.
Natasha is heavily wounded.
Natasha claws you but does no damage. Natasha claws you!
You hit Natasha but do no damage.
Natasha is severely wounded.
Natasha stares at you and mumbles some strange words.
You resist with some effort.
You closely miss Natasha.
Natasha is almost dead.
Natasha closely misses you. Natasha claws you.
* * * LOW HITPOINT WARNING * * *
Your magical contamination has completely faded away.
Natasha claws you.
You die...

#.# # #.# #. #.#
#.#.####.#####
#.#....<.....#
#.##.........# ..#
#.##.......[.# ..#
#.##......h..# ..#
#.##.....@...# ..#
#.##.........# ..#
####.##.....?...#
#.###.........#..####
#..##.##..#..###.#
............## #..#
###.#.....### ##.#
#....#.## .# .
#....#.#


You could see Natasha (poisoned).

Vanquished Creatures
  A worm (D:2)
  A dart slug (D:1)
  4 ball pythons (D:1)
  4 bats
  An endoplasm (D:2)
  4 goblins (D:1)
  4 hobgoblins (D:1)
  2 jackals (D:1)
  2 frilled lizards
  2 kobolds (D:1)
  4 rats
29 creatures vanquished.

Notes
Turn   | Place    | Note
-------+----------+-------------------------------------------
     0 | D:1      | bilbop the Djinni Venom Mage began the quest for the Orb.
     0 | D:1      | Reached XP level 1. HP: 15/15 MP: 0/0
   433 | D:1      | Reached XP level 2. HP: 7/22 MP: 0/0
  1129 | D:1      | Reached XP level 3. HP: 12/26 MP: 0/0
  1129 | D:1      | Learned a level 1 spell: Pain
  1337 | D:1      | Reached skill level 1 in Fighting
  2378 | D:2      | Noticed Natasha
  2394 | D:2      | Slain by Natasha

Illustrated notes

Levels and vault maps discovered:
D:1:      matt_arrival_spirals, layout_basic
D:2:      layout_rooms, basic_altar, uniq_natasha

Skill      XL: |  1  2  3 |
---------------+----------+-----
Fighting       | 1 |  1.2
Short Blades   | |  0.5
Maces & Flails | |  0.5
Dodging        | |  2.5
Stealth        | |  1.8
Spellcasting   | |  2.7

Action                   || total
-------------------------++-------
Melee: Whip              ||   104
       Unarmed           ||     7
 Cast: Sting             ||    20
       Poisonous Vapours ||     2
 Stab: Sleeping          ||     5
Armor: Robe              ||    15
       Leather armour    ||    21
Dodge: Dodged            ||   107

Table legend: (Time is in decaauts)
 A = Elapsed time spent in this place.
 B = Non-inter-level travel time spent in this place.
 C = Inter-level travel time spent in this place.
 D = Time resting spent in this place.
 E = Time spent auto-exploring this place.
 F = Levels seen in this place.
 G = Mean time per level.
                   A        B        C        D        E       F      G
               +--------+--------+--------+--------+--------+-----+--------+
         Total |   2403 |   2291 |    112 |      0 |   2005 |   2 | 1201.5 |
       Dungeon |   2403 |   2291 |    112 |      0 |   2005 |   2 | 1201.5 |
               +--------+--------+--------+--------+--------+-----+--------+

Top non-repeatable levels by time:
     D:1: 2056 daAuts
     D:2: 347 daAuts
